 Dungeon Crawl Stone Soup version 0.31-a0-845-g9abc20d24f (webtiles) character file.

Game seed: 6380475070479677385

32 javelincjr the Changeling (level 3, -7/26 HPs)
             Began as a Demonspawn Shapeshifter on Oct 2, 2023.
             Was a Follower of Okawaru.
             Mangled by a gnoll
             ... wielding a +0 halberd
              (9 damage)
             ... on level 2 of the Dungeon.
             The game lasted 00:02:50 (1309 turns).

javelincjr the Changeling (Demonspawn Shapeshifter) Turns: 1309, Time: 00:02:51

Health: -7/26      AC:  9    Str: 16    XL:     3   Next: 8%
Magic:  1/3        EV:  6    Int: 11    God:    Okawaru [*.....]
Gold:   90         SH:  0    Dex: 12    Spells: 2/2 levels left

rFire   . .          .
                       - Unarmed
rCold   + . .        (no shield)
rNeg    . . .        p - +0 chain mail
rPois   .            (helmet currently unavailable)
rElec   .            (cloak currently unavailable)
rCorr   .            (gloves currently unavailable)
SInv    .            (boots currently unavailable)
Will    .....        (no amulet)
Stlth   +            e - ring of protection from cold
HPRegen 0.24/turn    (no ring)
MPRegen 0.08/turn

%: no passive effects
@: beast-form, heroic, held
A: beast (slay +1), (demonic guardian 1), sturdy frame 1
a: Begin Untransformation, Renounce Religion, Heroism


You were on level 2 of the Dungeon.
You worshipped Okawaru.
Okawaru was aware of your devotion.
You were a hulking beast.
You visited 1 branch of the dungeon, and saw 2 of its levels.

You collected 90 gold pieces.

Inventory:

Armour
 a - a +0 animal skin
 j - a +0 pair of gloves
 k - a +0 scale mail
 p - a +0 chain mail (worn)
Jewellery
 e - a ring of protection from cold (left hand)
Talismans
 c - a beast talisman (active)
 d - a flux talisman
Scrolls
 f - a scroll of identify {unknown}
 g - a scroll of enchant weapon {unknown}
 i - 2 scrolls of teleportation {unknown}
 n - a scroll of revelation {unknown}
 o - a scroll of brand weapon {unknown}
 q - a scroll of poison {unknown}
Potions
 b - a potion of lignification
 h - 2 potions of enlightenment {unknown}
 l - a potion of attraction {unknown}
 m - a potion of might {unknown}
 r - a potion of heal wounds {unknown}


   Skills:
 + Level 1.5(6.5) Fighting
 + Level 0.0(5.0) Armour
 + Level 2.1(7.1) Dodging
 + Level 2.9(7.9) Unarmed Combat
 + Level 0.2 Invocations
 * Level 3.1 Shapeshifting


You had 2 spell levels left.
You didn't know any spells.
Your spell library was empty.

Dungeon Overview and Level Annotations

Branches:
Dungeon (2/15)

Altars:
Okawaru


Innate Abilities, Weirdness & Mutations

You are a hulking beast.
Your limbs bulge with bestial killing power. (Slay +1)
((A weak demonic guardian rushes to your aid.))
Your movements are slightly less encumbered by armour. (ER -2)


Message History

You barely miss the kobold. The kobold hits you but does no damage.
You hit the kobold.
You kill the kobold!
Okawaru accepts your kill.
No target in view!
q - a scroll labelled CEERAA QUNOSUF
Things that are here:
a +0 club; a +0 chain mail; a goblin corpse You see here a +0 dagger.
Found a stone staircase leading up.
Found an escape hatch in the floor.
Found a stone staircase leading down.
r - a cyan potion
Okay, then.
There is an escape hatch in the floor here.
There is an escape hatch in the floor here.
There is a stone staircase leading down here.
There is a stone staircase leading down here. 2 gnolls come into view.
A gnoll is wielding a +0 halberd.
The gnoll shouts! x2
A gnoll comes into view. It is wielding a +0 halberd.
You gain the combat prowess of a mighty hero.
The gnoll shouts!
The gnoll hits you from afar with a +0 halberd!
The gnoll hits you from afar with a +0 halberd!
You are too injured to fight recklessly!
You are too injured to fight recklessly!
You are too injured to fight recklessly!
You hit the gnoll.
The gnoll is heavily wounded.
The gnoll closely misses you. The gnoll hits you but does no damage.
The gnoll barely misses you.
The gnoll throws a throwing net.
The throwing net hits you.
You become entangled in the net!
The gnoll hits you with a +0 halberd.
* * * LOW HITPOINT WARNING * * *
You see here a throwing net.
You struggle against the net.
The gnoll hits you with a +0 halberd.
* * * LOW HITPOINT WARNING * * *
The gnoll closely misses you. The gnoll hits you with a +0 halberd!
You die...

##########...................#
............##.#############.##
.....####...##.####......#....#
.....# #...........#...##.####
.....# ######.######>####>#
.....# #..<..............#
.....# #####...####.######
....... #.g...........#
.....### #..h..##...##.# .....#
#..g.g.....# .....#
####...#...# .....#
#.............# .....
#......#.#g...# .....
#......#g#..~.# #####
#......#.. ...#
#......#....~..# #..........
...#


You could see 3 gnolls.

Vanquished Creatures
  3 dart slugs
  2 bats (D:1)
  An endoplasm (D:1)
  2 giant cockroaches (D:1)
  3 jackals (D:1)
  A quokka (D:2)
  2 ball pythons
  A frilled lizard (D:1)
  5 goblins
  3 kobolds
23 creatures vanquished.

Notes
Turn   | Place    | Note
-------+----------+-------------------------------------------
     0 | D:1      | javelincjr the Demonspawn Shapeshifter began the quest for
                  | the Orb.
     0 | D:1      | Reached XP level 1. HP: 15/15 MP: 1/1
   249 | D:1      | Gained mutation: A weak demonic guardian rushes to your
                  | aid. [demonic ancestry]
   249 | D:1      | Reached XP level 2. HP: 17/21 MP: 2/2
   433 | D:1      | Reached skill level 3 in Shapeshifting
  1018 | D:2      | Found a faded altar of an unknown god.
  1033 | D:2      | Prayed at the altar of an unknown god.
  1033 | D:2      | Became a worshipper of Warmaster Okawaru
  1033 | D:2      | Reached * piety under Okawaru
  1189 | D:2      | Gained mutation: Your movements are slightly less
                  | encumbered by armour. (ER -2) [demonic ancestry]
  1189 | D:2      | Reached XP level 3. HP: 26/26 MP: 3/3
  1309 | D:2      | Mangled by a gnoll

Illustrated notes

Levels and vault maps discovered:
D:1:      giann_horns, layout_loops_ring
D:2:      layout_basic, serial_rivers, chequers_serial_rivers_micro_c,
          chequers_serial_rivers_micro_d, chequers_serial_rivers_room_a,
          chequers_serial_rivers_small_3, chequers_serial_rivers_micro_c,
          hellmonk_ecumenical_altar_run_dry, basic_altar, serial_bayou_pond_a,
          minmay_tripent

Skill      XL: |  1  2 |
---------------+-------+-----
Dodging        | 2 |  2.1
Shapeshifting  | 3 |  3.1
Fighting       | |  1.5
Unarmed Combat | |  2.9
Invocations    | |  0.2

Action                     || total
---------------------------++-------
  Melee: Unarmed           ||    59
 Invoke: Heroism           ||     1
   Stab: Sleeping          ||     2
 Armour: Animal skin       ||    19
         Chain mail        ||    13
  Dodge: Dodged            ||    39

Table legend: (Time is in decaauts)
 A = Elapsed time spent in this place.
 B = Non-inter-level travel time spent in this place.
 C = Inter-level travel time spent in this place.
 D = Time resting spent in this place.
 E = Time spent auto-exploring this place.
 F = Levels seen in this place.
 G = Mean time per level.
                   A        B        C        D        E       F      G
               +--------+--------+--------+--------+--------+-----+--------+
         Total |   1308 |   1274 |     34 |     47 |   1028 |   2 |  654.0 |
       Dungeon |   1308 |   1274 |     34 |     47 |   1028 |   2 |  654.0 |
               +--------+--------+--------+--------+--------+-----+--------+

Top non-repeatable levels by time:
     D:1: 792 daAuts
     D:2: 516 daAuts
